 Dungeon Crawl Stone Soup version 0.29-a0-824-gd827844252 (webtiles) character file.

Game seed: 10221098082024899199

105365 ICEMaiden the Spry (level 15, -1/95 HPs)
             Began as a Deep Elf Conjurer on June 24, 2022.
             Was a Priest of Sif Muna.
             Slain by a wolf spider (14 damage)
             ... led by a torpor snail
             ... on level 2 of the Spider Nest on July 11, 2022.
             The game lasted 03:54:41 (42945 turns).

ICEMaiden the Spry (Deep Elf Conjurer)             Turns: 42945, Time: 03:54:42

Health: -1/95      AC: 18    Str:  6    XL:     15   Next: 94%
Magic:  33/42      EV: 10    Int: 29    God:    Sif Muna [***...]
Gold:   530        SH:  0    Dex: 13    Spells: 6/39 levels left

rFire   . . .      SeeInvis +   w - staff of poison
rCold   . . .      Faith    .   (no shield)
rNeg    . . .      Spirit   .   F - +5 steam dragon scales
rPois   +          Reflect  .   x - +0 helmet
rElec   .          Harm     .   M - +0 cloak
rCorr   .          Rampage  .   A - +0 pair of gloves
Will    +....                   k - +0 pair of boots
Stlth   +++.......              Z - amulet "Coskexiq" {RegenMP MP+9 Dex+2}
HPRegen 0.25/turn               K - ring of see invisible
MPRegen 0.68/turn               E - ring "Zanok" {AC+4 Slay+2}

@: about to teleport, held
A: clumsy 1, MP-powered wands
a: Renounce Religion, Channel Magic, Forget Spell


You were on level 2 of the Spider Nest.
You worshipped Sif Muna.
Sif Muna was most pleased with you.
You visited 6 branches of the dungeon, and saw 29 of its levels.
You also visited: Sewer and Bailey.

You collected 3718 gold pieces.
You spent 3188 gold pieces at shops.

Inventory:

Hand Weapons
 b - the +7 staff of the Meek {protect, meekguard}
   (You found it in a bailey)

   It grants its wielder temporary protection when it strikes (+7 to AC).
   It provides extra protection to wielders with little health.
 c - the +10 quarterstaff of Soaqakem {drain, Int+8}
   (You bought it in a shop on level 2 of the Orcish Mines)

   A truly terrible weapon, it drains the life of any living foe it strikes.
   Int:       It affects your intelligence (+8).
Armour
 k - a +0 pair of boots (worn)
 m - a scarf of invisibility
 v - a +2 robe of cold resistance
 x - a +0 helmet (worn)
 A - a +0 pair of gloves (worn)
 D - a +1 robe of positive energy
 F - +5 steam dragon scales (worn)
 M - a +0 cloak (worn)
 X - a +2 robe of fire resistance
Magical Staves
 a - a staff of conjuration
 w - a staff of poison (weapon)
 W - a staff of fire
Jewellery
 p - an amulet of regeneration
 E - the ring "Zanok" (right hand) {AC+4 Slay+2}
   (You acquired it on level 8 of the Dungeon)

   [ring of protection]

   AC:        It affects your AC (+4).
   Slay:      It affects your accuracy & damage with ranged weapons and melee
   (+2).
 K - a ring of see invisible (left hand)
 N - a ring of flight
 Q - a ring of willpower
 R - an amulet of the acrobat
 T - a ring of protection from fire
 Z - the amulet "Coskexiq" (around neck) {RegenMP MP+9 Dex+2}
   (You bought it in a shop on level 2 of the Orcish Mines)

   [amulet of magic regeneration]

   It increases your rate of magic regeneration.
   Dex:       It affects your dexterity (+2).
   MP:        It affects your magic capacity (+9).
Wands
 d - a wand of digging (6)
 e - a wand of mindburst (10)
 H - a wand of iceblast (8)
 J - a wand of polymorph (8)
 O - a wand of paralysis (2)
 V - a wand of flame (19)
Scrolls
 h - a scroll of immolation
 i - 4 scrolls of fear
 n - 6 scrolls of identify
 o - 2 scrolls of vulnerability
 r - 2 scrolls of poison
 s - 2 scrolls of silence
 t - 4 scrolls of amnesia
 y - a scroll of enchant weapon
 I - 8 scrolls of blinking
 L - 2 scrolls of teleportation
 S - a scroll of fog
Potions
 f - 4 potions of lignification
 g - 9 potions of magic
 l - 16 potions of curing
 q - 5 potions of brilliance
 u - 2 potions of haste
 B - 3 potions of might
 C - 3 potions of flight
 G - 2 potions of cancellation
 U - 2 potions of resistance
 Y - 2 potions of heal wounds
Miscellaneous
 j - a piece from Xom's chessboard (15/15)
 P - a phial of floods


   Skills:
 * Level 11.3 Fighting
 - Level 0.9 Armour
 * Level 15.4 Dodging
 - Level 5.0 Stealth
 + Level 12.6 Spellcasting
 - Level 10.0 Conjurations
 - Level 3.0 Hexes
 + Level 9.1 Summonings
 + Level 10.7 Necromancy
 - Level 5.0 Translocations
 - Level 4.0 Fire Magic
 + Level 1.2 Ice Magic
 + Level 5.2 Air Magic
 + Level 4.7 Earth Magic
 + Level 6.7 Poison Magic
 + Level 8.4 Invocations
 - Level 5.0 Evocations


You had 6 spell levels left.
You knew the following spells:

 Your Spells              Type           Power      Damage    Failure   Level
a - Magic Dart            Conj           100%       1d8       1%          1
b - Olgreb's Toxic Radia  Pois           72%        N/A       1%          4
c - Borgnjor's Vile Clut  Necr/Erth      29%        N/A       3%          5
d - Iskenderun's Mystic   Conj/Tloc      58%        2d12      1%          4
e - Summon Guardian Gole  Hex/Summ       52%        N/A       1%          3
f - Anguish               Hex/Necr       27%        N/A       1%          4
p - Sublimation of Blood  Necr           69%        N/A       1%          2
r - Summon Lightning Spi  Summ/Air       56%        N/A       1%          4
w - Animate Dead          Necr           69%        N/A       1%          4
z - Blink                 Tloc           94%        N/A       1%          2

Your spell library contained the following spells:

 Spells                   Type           Power      Damage    Failure   Level
 Slow                     Hex            100%       N/A       1%          1
 Summon Small Mammal      Summ           100%       N/A       1%          1
 Ensorcelled Hibernation  Hex/Ice        60%        N/A       1%          2
 Poisonous Vapours        Pois/Air       100%       N/A       1%          2
 Searing Ray              Conj           100%       2d8       1%          2
 Static Discharge         Conj/Air       58%        3-11/arc  1%          2
 Call Canine Familiar     Summ           63%        N/A       1%          3
 Dazzling Flash           Conj/Hex       100%       N/A       1%          3
 Lesser Beckoning         Tloc           47%        N/A       1%          3
 Portal Projectile        Hex/Tloc       82%        N/A       1%          3
 Corpse Rot               Necr/Pois/Air  75%        N/A       1%          4
 Fulminant Prism          Conj/Hex       27%        3d14      1%          4
 Spider Form              Tmut/Pois      54%        N/A       2%          3
 Tukima's Dance           Hex            35%        N/A       2%          3
 Beastly Appendage        Tmut           36%        N/A       3%          1
 Summon Ice Beast         Ice/Summ       48%        N/A       3%          4
 Wereblood                Tmut           18%        N/A       4%          2
 Frozen Ramparts          Ice            50%        1d7       4%          3
 Death Channel            Necr           34%        N/A       5%          6
 Freezing Cloud           Conj/Ice/Air   25%        6-21      9%          5
 Irradiate                Conj/Tmut      23%        3d21      10%         5
 Petrify                  Tmut/Erth      31%        N/A       11%         4
 Manifold Assault         Tloc           47%        N/A       11%         5
 Ice Form                 Ice/Tmut       22%        N/A       22%         4
 Metabolic Englaciation   Hex/Ice        15%        N/A       32%         5
 Blade Hands              Tmut           9%         N/A       63%         5
 Haunt                    Necr/Summ      33%        N/A       38%         7
 Malign Gateway           Summ/Tloc      28%        N/A       80%         7
 Borgnjor's Revivificati  Necr           34%        N/A       93%         8
 Infestation              Necr           34%        N/A       93%         8
 Ozocubu's Refrigeration  Ice            12%        4d7       100%        7
 Storm Form               Tmut/Air       16%        N/A       100%        7
 Ignition                 Fire           20%        3d7       100%        8
 Maxwell's Capacitive Co  Air            24%        ∞         100%        8
 Chain Lightning          Conj/Air       29%        3d38      100%        9


Dungeon Overview and Level Annotations

Branches:
Dungeon (15/15)            Temple (1/1) D:7            Lair (6/6) D:11
 Shoals (2/4) Lair:2       Spider (3/4) Lair:2        Slime (0/5) Lair:5
    Orc (2/2) D:10            Elf (0/3) Orc:2        Vaults (0/5) D:13
 Depths (0/4) D:15          Sewer (visited)          Bailey (visited)

Altars:
Ashenzari
Cheibriados
Dithmenos
Elyvilon
Fedhas
Gozag
Hepliaklqana
Kikubaaqudgha
Makhleb
Nemelex Xobeh
Okawaru
Qazlal
Ru
Sif Muna
Trog
Uskayaw
Vehumet
Wu Jian
Xom
Yredelemnul
Zin
The Shining One

Shops:
D:3 (   D:4 *   D:7 [   Orc:2 (!*=!

Annotations:
Spider:2 1 runed translucent door, gdog's ghost, adept GnDe


Innate Abilities, Weirdness & Mutations

You are clumsy. (Dex -2)
You expend magic power (3 MP) to strengthen your wands.


Message History

The wolf spider struggles to escape constriction. x2
The zombie hands lose their grip on something.
The zombie hands constrict the emperor scorpion!
The zombie hands constrict the wolf spider!
The wolf spider escapes!
Casting: Borgnjor's Vile Clutch (dangerous; 3% risk of failure)
Confirm with . or Enter, or press ? or * to list all spells.
Aiming: Borgnjor's Vile Clutch (dangerous; 3% risk of failure)
Press: ? - help, Shift-Dir - straight line, f - emperor scorpion
Aim: an emperor scorpion (moderately wounded, constricted by zombie hands, 100% to hit)
Zombie hands grab the wolf spider. x2
The emperor scorpion is unaffected.
The zombie hands constrict the emperor scorpion!
The zombie hands constrict the wolf spider. x2
The wolf spider struggles to escape constriction.
The wolf spider escapes!
The wolf spider struggles to escape constriction.
Casting: Borgnjor's Vile Clutch (dangerous; 3% risk of failure)
Confirm with . or Enter, or press ? or * to list all spells.
Aiming: Borgnjor's Vile Clutch (dangerous; 3% risk of failure)
Press: ? - help, Shift-Dir - straight line, f/p - emperor scorpion
Aim: an emperor scorpion (heavily wounded, constricted by zombie hands, 100% to hit)
Zombie hands grab the wolf spider.
The wolf spider is unaffected.
The emperor scorpion is unaffected.
The zombie hands constrict the emperor scorpion!
The zombie hands constrict the wolf spider.
The zombie hands constrict the wolf spider!
The wolf spider struggles to escape constriction. x2
The zombie hands lose their grip on something. x2
You are caught in the web!
The zombie hands constrict the wolf spider!
The wolf spider escapes!
There is a web here.
You struggle to detach yourself from the web.
The wolf spider barely misses you. The wolf spider bites you.
* * * LOW HITPOINT WARNING * * *
Unknown command.
As you read the scroll of teleportation, it crumbles to dust.
You feel strangely unstable. The wolf spider hits you!
You die...

...^.........###
###.........##
###...###ss##
#### #####
##.s###..#
###....## ##..##
##s# #s# #@# #.#
#.# #.## #..#
##..# ##.###
##..### #..#..#


You could see 2 wolf spiders.

Vanquished Creatures
  A ghost moth (Spider:2)
  Louise (Spider:1)
  Azrael (Spider:1)
  A vault guard (D:13)
  5 hydras
  A merfolk avatar (Shoals:2)
  A two-headed ogre (D:10)
  A satyr (Shoals:2)
  A centaur warrior (D:10)
  3 tengu warriors
  4 orc high priests
  Sonja (D:10)
  2 sea snakes
  An orb spider (Spider:2)
  A deep elf pyromancer (D:12)
  7 orc knights
  7 orc sorcerers
  3 wolf spiders
  5 harpies (Shoals:2)
  A wolf spider zombie (Spider:2)
  A cyclops (D:14)
  4 ugly things
  4 fauns (Shoals:2)
  4 elephants (Lair:4)
  A merfolk siren (Shoals:1)
  6 black mambas
  A torpor snail (Lair:5)
  Maurice (D:11)
  A cane toad (Lair:4)
  2 gargoyles
  2 kobold demonologists (D:12)
  2 rime drakes (Lair:2)
  2 demonic crawlers (Spider:2)
  2 unseen horrors (D:13)
  An efreet (D:15)
  3 komodo dragons
  A redback zombie (Spider:2)
  A tengu conjurer (D:14)
  A polar bear (Lair:4)
  A troll (D:13)
  7 tarantellas (Spider:1)
  A merfolk (Shoals:2)
  A meliai (D:14)
  2 hornets
  A wind drake (Lair:2)
  8 blink frogs
  A snapping turtle (Shoals:1)
  2 slime creatures (D:13)
  5 jumping spiders
  A dream sheep (Shoals:1)
  11 culicivoras
  A vampire (D:11)
  6 wyverns
  A wraith (D:13)
  5 vampire mosquitoes
  22 yaks
  20 redbacks
  2 steam dragons
  A warg (Orc:2)
  Edmund (D:4)
  2 water moccasins
  3 acid dragons
  A floating eye (shapeshifter) (D:15)
  20 orc warriors
  2 sky beasts
  An ice beast (D:6)
  An ogre (Orc:2)
  28 wolves
  3 phantoms
  3 kobold brigands
  16 bullfrogs
  A necrophage (D:6)
  3 scorpions
  11 wights
  13 killer bees
  3 howler monkeys
  A wolf zombie (Lair:3)
  6 electric eels
  A centaur zombie (D:13)
  A bullfrog zombie (Lair:4)
  5 hounds
  15 orc priests
  7 iguanas
  22 orc wizards
  Natasha (twice) (D:2)
  A hell rat (Lair:2)
  A killer bee zombie (D:9)
  9 adders
  10 gnolls
  4 river rats (Lair:2)
  A shadow imp (D:7)
  A white imp (D:8)
  2 ufetubi
  89 orcs
  12 ball pythons
  5 bats
  10 endoplasms
  5 giant cockroaches
  A goblin (Bailey)
  8 hobgoblins
  4 jackals (D:2)
  25 kobolds
  7 quokkas
  17 frilled lizards
  2 goblin zombies (Bailey)
  3 orc zombies
  9 rats
585 creatures vanquished.

Vanquished Creatures (collateral kills)
  The ghost of zhov the Unseen, a journeyman SpHu of Dithmenos (D:14)
  Josephine (Spider:1)
  3 hydras
  2 vault guards
  A centaur warrior (D:13)
  2 catoblepae
  2 boulder beetles
  2 two-headed ogres (D:14)
  2 tengu warriors (D:14)
  A sea snake (Shoals:1)
  3 pharaoh ants
  9 wolf spiders
  An orc sorcerer (Orc:2)
  4 manticores
  5 cyclopes
  A moth of wrath (Spider:2)
  Maggie (D:7)
  3 torpor snails
  3 cane toads
  2 komodo dragons
  2 redback zombies
  3 demonic crawlers
  A rime drake (Lair:3)
  A tengu conjurer (D:14)
  A freezing wraith (D:14)
  2 merfolk (Shoals:1)
  2 meliai (D:14)
  3 trolls
  4 tarantellas
  A wind drake (Shoals:1)
  A hornet (Lair:3)
  5 slime creatures
  4 blink frogs
  3 dream sheep (Shoals:1)
  A snapping turtle (Shoals:1)
  A spriggan (Lair:3)
  A water elemental (Shoals:2)
  A shadow (D:13)
  A wyvern (Lair:1)
  2 fire elementals (Spider:1)
  A centaur simulacrum (D:15)
  2 basilisks
  4 wraiths (Spider:1)
  18 yaks
  2 steam dragons
  8 redbacks
  3 wargs
  A human zombie (D:14)
  3 hell hounds (Spider:1)
  2 water moccasins (Lair:3)
  5 orc warriors
  2 black bears
  4 centaurs
  3 ogres
  11 wolves
  4 bullfrogs
  3 scorpions (D:10)
  3 yak zombies (Lair:4)
  A killer bee (D:9)
  3 wolf zombies
  2 howler monkeys (D:11)
  An electric eel (Bailey)
  2 orc priests (Orc:2)
  An orc wizard (Orc:2)
  Natasha (D:2)
  A killer bee zombie (D:9)
  An adder (D:10)
  A river rat (Lair:2)
  An orc zombie (Orc:1)
  7 orcs
  A goblin (Bailey)
  A hobgoblin (Bailey)
  A bat (D:10)
  A kobold zombie (D:9)
  2 rats (Lair:2)
196 creatures vanquished.

Vanquished Creatures (others)
  An emperor scorpion (Spider:1)
  Nessos (Lair:4)
  A vault guard (D:13)
  2 centaur warriors
  A pharaoh ant (Spider:1)
  An orb spider (Spider:1)
  An ugly thing zombie (D:13)
  A wizard (D:14)
  A wolf spider zombie (Spider:1)
  A manticore (Lair:2)
  A wolf spider (Spider:1)
  A faun (Shoals:2)
  A cane toad (Lair:3)
  A komodo dragon (Lair:4)
  A redback zombie (Spider:1)
  A demonic crawler zombie (Spider:1)
  A harpy zombie (Shoals:2)
  A human zombie (D:13)
  3 hydra zombies
  A moth of wrath zombie (Spider:2)
  A blink frog (Lair:2)
  5 tarantella zombies
  5 culicivora zombies
  A jumping spider zombie (Spider:1)
  2 meliai zombies (D:14)
  3 black mamba zombies
  A yak (Lair:3)
  A faun zombie (Shoals:2)
  A tengu zombie (D:14)
  A two-headed ogre zombie (D:14)
  A cane toad zombie (Lair:4)
  2 hornet zombies
  An elf zombie (D:12)
  A dream sheep zombie (Shoals:1)
  2 wolves (Lair:3)
  3 blink frog zombies
  A manticore zombie (D:14)
  An elephant zombie (Lair:4)
  A torpor snail zombie (Spider:2)
  A vampire mosquito zombie (D:11)
  3 wyvern zombies
  2 cyclops zombies
  2 hell hound zombies (Spider:1)
  2 warg zombies
  5 yak zombies
  2 troll zombies
  A spriggan zombie (Lair:3)
  24 wolf zombies
  5 bullfrog zombies
  2 centaur zombies (D:13)
  2 orc wizards (D:10)
  A scorpion zombie (D:10)
  3 killer bee zombies (D:9)
  5 orcs (D:10)
  2 gnoll zombies (Bailey)
  2 hobgoblin zombies (Bailey)
  4 kobold zombies (D:12)
  35 orc zombies
  33 fungi
  61 plants
254 creatures vanquished.

Grand Total: 1035 creatures vanquished

Notes
Turn   | Place    | Note
-------+----------+-------------------------------------------
     0 | D:1      | ICEMaiden the Deep Elf Conjurer began the quest for the
                  | Orb.
     0 | D:1      | Reached XP level 1. HP: 10/10 MP: 6/6
   310 | D:1      | Reached XP level 2. HP: 16/16 MP: 4/8
   585 | D:1      | Reached skill level 3 in Dodging
   639 | D:1      | Found a faded altar of an unknown god.
  1022 | D:1      | Reached skill level 1 in Fighting
  1135 | D:1      | You fall into a shaft and drop 1 floor!
  1237 | D:3      | Found Yfus's Weapon Shoppe.
  1517 | D:4      | Found Dishroiggabb's General Store.
  1522 | D:4      | Reached XP level 3. HP: 20/20 MP: 6/9
  1525 | D:4      | Learned a level 2 spell: Searing Ray
  1529 | D:4      | Bought a scroll of teleportation for 33 gold pieces
  1529 | D:4      | Bought a scroll of teleportation for 33 gold pieces
  1571 | D:2      | Noticed Natasha
  2015 | D:2      | Learned a level 1 spell: Summon Small Mammal
  2027 | D:2      | Killed Natasha
  2028 | D:2      | Reached XP level 4. HP: 25/25 MP: 1/11
  2076 | D:2      | Noticed Natasha
  2083 | D:2      | Killed Natasha
  2092 | D:2      | Noticed Natasha
  2178 | D:2      | Killed Natasha
  2179 | D:2      | Reached skill level 4 in Dodging
  2179 | D:2      | Reached skill level 1 in Summonings
  2430 | D:2      | Reached XP level 5. HP: 30/30 MP: 7/12
  4091 | D:4      | Found a sacrificial altar of Ru.
  4123 | D:4      | Noticed Edmund
  4153 | D:4      | Killed Edmund
  4154 | D:4      | Reached skill level 5 in Conjurations
  4154 | D:4      | Reached XP level 6. HP: 18/36 MP: 9/14
  4899 | D:5      | Entered Level 5 of the Dungeon
  4908 | D:5      | Reached skill level 5 in Dodging
  4908 | D:5      | Reached skill level 1 in Translocations
  4960 | D:4      | Reached XP level 7. HP: 25/40 MP: 0/15
  5500 | D:5      | Identified the +1 scale mail of Syon {Stlth+}
  5505 | D:5      | Found a glowing drain.
  5541 | Sewer    | Entered a sewer
  6128 | Sewer    | Learned a level 3 spell: Call Canine Familiar
  6911 | D:6      | Reached skill level 6 in Dodging
  6911 | D:6      | Reached skill level 5 in Spellcasting
  6911 | D:6      | Reached XP level 8. HP: 46/46 MP: 12/17
  7039 | D:4      | Bought a +0 pair of gloves for 49 gold pieces
  7225 | D:6      | Reached skill level 1 in Necromancy
  7416 | D:6      | Reached skill level 5 in Stealth
  8046 | D:6      | Reached skill level 7 in Dodging
  8581 | D:7      | Reached XP level 9. HP: 52/52 MP: 12/19
  8870 | D:7      | Found a staircase to the Ecumenical Temple.
  8880 | Temple   | Entered the Ecumenical Temple
  8916 | Temple   | Became a worshipper of Sif Muna the Loreminder
  9296 | D:7      | Reached skill level 1 in Hexes
  9417 | D:7      | Found Jafraoh's Antique Armour Shop.
  9505 | D:7      | Noticed Maggie
 10461 | D:8      | Reached skill level 5 in Fighting
 10461 | D:8      | Reached skill level 8 in Dodging
 10529 | D:8      | Found a flagged portal.
 10586 | Bailey   | Entered a bailey
 10601 | Bailey   | Learned a level 4 spell: Iskenderun's Mystic Blast
 10606 | Bailey   | Learned a level 4 spell: Animate Dead
 10609 | Bailey   | Learned a level 2 spell: Sublimation of Blood
 10828 | Bailey   | Noticed an orc knight
 10831 | Bailey   | Noticed an orc knight
 10845 | Bailey   | Killed an orc knight
 10845 | Bailey   | Reached * piety under Sif Muna
 10860 | Bailey   | Killed an orc knight
 10861 | Bailey   | Reached skill level 5 in Summonings
 10861 | Bailey   | Reached XP level 10. HP: 42/59 MP: 6/22
 11211 | Bailey   | Found the +7 staff of the Meek {protect, meekguard}
 11212 | Bailey   | Found the +8 autumn katana {vorpal, manifold assault}
 11319 | Bailey   | Reached skill level 9 in Dodging
 11362 | Bailey   | Noticed an orc high priest
 11449 | Bailey   | Noticed a sixfirhy
 11492 | Bailey   | Found an iron altar of Okawaru.
 11501 | Bailey   | Noticed a soul eater
 11506 | Bailey   | Noticed a rust devil
 11759 | Bailey   | Noticed a rust devil
 11761 | Bailey   | Gained mutation: You are clumsy. (Dex -2) [a neqoxec]
 11764 | Bailey   | Gained mutation: You expend magic power (3 MP) to
                  | strengthen your wands. [a neqoxec]
 11765 | Bailey   | Killed an orc high priest
 11802 | Bailey   | Noticed a sixfirhy
 12067 | D:8      | Acquired 597 gold pieces
 12138 | D:7      | Bought an embroidered scarf for 176 gold pieces
 12187 | D:4      | Bought an amulet of magic regeneration for 330 gold pieces
 12337 | D:7      | Found a stormy altar of Qazlal.
 12425 | D:8      | Found a transporter.
 12427 | D:8      | Found a transporter.
 12564 | D:8      | Found a transporter.
 12610 | D:8      | Acquired the ring "Zanok" {AC+4 Slay+2}
 12710 | D:8      | Found a transporter.
 12871 | D:8      | Reached skill level 5 in Necromancy
 12880 | D:8      | Found a transporter.
 12884 | D:8      | Found a transporter.
 13311 | D:9      | Reached skill level 1 in Invocations
 13790 | D:9      | Noticed a red ugly thing
 13855 | D:10     | Entered Level 10 of the Dungeon
 13855 | D:10     | Noticed a two-headed ogre
 13874 | D:10     | Killed a two-headed ogre
 14076 | D:10     | Paralysed by a hornet for 3 turns
 14082 | D:10     | Reached ** piety under Sif Muna
 14083 | D:10     | Reached skill level 10 in Dodging
 14484 | D:10     | Found the +7 Singing Sword {vorpal, sonic wave}
 14493 | D:10     | Noticed a gargoyle
 14494 | D:10     | Noticed a centaur warrior
 14522 | D:10     | Killed a centaur warrior
 14522 | D:10     | Killed a gargoyle
 14523 | D:10     | Reached XP level 11. HP: 23/66 MP: 14/25
 14523 | D:10     | Upgraded the game from 0.29-a0-668-g12ee2bf84d to
                  | 0.29-a0-676-ga64570c9d2
 14742 | D:9      | Killed a red ugly thing
 14934 | D:10     | Found a staircase to the Orcish Mines.
 15269 | D:9      | Reached *** piety under Sif Muna
 15271 | D:9      | Paralysed by a hornet for 1 turns
 15271 | D:9      | HP: 2/66 [hornet (11)]
 15809 | D:10     | Noticed Sonja
 15829 | D:10     | Found a broken altar of Ashenzari.
 16426 | D:11     | Noticed a brown ugly thing
 16486 | D:11     | Found a staircase to the Lair.
 17043 | D:11     | Killed a brown ugly thing
 17044 | D:11     | Reached skill level 11 in Dodging
 17168 | D:11     | Noticed Maurice
 17179 | D:11     | Killed Maurice
 17497 | D:12     | Learned a level 2 spell: Blink
 17501 | D:12     | Learned a level 3 spell: Summon Guardian Golem
 17541 | D:12     | Noticed a deep elf pyromancer
 18454 | D:12     | Noticed a catoblepas
 19244 | D:12     | Killed a deep elf pyromancer
 19306 | D:13     | Found a gate to the Vaults.
 19306 | D:13     | Noticed a seven-headed hydra
 19306 | D:13     | Noticed a cyan ugly thing
 19306 | D:13     | Noticed a vault guard
 19306 | D:13     | Noticed a vault guard
 19306 | D:13     | Noticed a vault guard
 19306 | D:13     | Noticed a vault guard
 19306 | D:13     | Noticed a centaur warrior
 19413 | Lair:1   | Entered Level 1 of the Lair of Beasts
 19470 | Lair:1   | Reached XP level 12. HP: 72/73 MP: 16/27
 19952 | Lair:1   | Noticed a six-headed hydra
 20169 | Lair:2   | Noticed a six-headed hydra
 20234 | Lair:2   | Found a staircase to the Shoals.
 20247 | Lair:2   | Reached skill level 12 in Dodging
 20479 | Lair:2   | You fall into a shaft and drop 2 floors!
 20495 | Lair:4   | Reached skill level 5 in Invocations
 20753 | Lair:3   | Noticed a four-headed hydra
 21028 | Lair:2   | Reached skill level 1 in Poison Magic
 21190 | Lair:2   | Found a hole to the Spider Nest.
 21271 | Lair:3   | Reached skill level 1 in Evocations
 21324 | Lair:3   | Reached **** piety under Sif Muna
 21335 | Lair:3   | Reached skill level 10 in Spellcasting
 21713 | Lair:3   | Killed a four-headed hydra
 21714 | Lair:3   | Reached skill level 13 in Dodging
 21761 | Lair:3   | Reached XP level 13. HP: 75/80 MP: 23/29
 21776 | Lair:3   | Learned a level 4 spell: Olgreb's Toxic Radiance
 21894 | Lair:3   | Learned a level 4 spell: Summon Lightning Spire
 22579 | Lair:4   | Found a glowing golden altar of the Shining One.
 22605 | Lair:4   | Reached ***** piety under Sif Muna
 22605 | Lair:4   | Received a gift from Sif Muna
 22606 | Lair:4   | Got Sif Muna's Volume of Evil Beguiling {god gift}
 22638 | Lair:4   | Reached skill level 1 in Air Magic
 22968 | Lair:4   | Noticed Nessos
 22987 | Lair:4   | Killed Nessos
 24526 | Lair:4   | Upgraded the game from 0.29-a0-676-ga64570c9d2 to
                  | 0.29-a0-700-g2f1814c7b2
 24631 | Lair:5   | Found a staircase to the Slime Pits.
 25296 | Lair:5   | Got the Catalogue of the Enchanting Entourage
 25331 | Lair:5   | Found a shadowy altar of Dithmenos.
 25853 | Lair:6   | Entered Level 6 of the Lair of Beasts
 26793 | D:12     | Reached skill level 10 in Conjurations
 27122 | D:13     | Reached skill level 1 in Fire Magic
 27299 | D:13     | Reached skill level 14 in Dodging
 27299 | D:13     | Reached XP level 14. HP: 17/87 MP: 13/30
 28411 | D:13     | Learned a level 5 spell: Borgnjor's Vile Clutch
 29030 | D:14     | Reached skill level 10 in Fighting
 29048 | D:14     | Reached skill level 1 in Earth Magic
 29587 | D:14     | Found a large runed translucent door.
 29590 | D:14     | Found a large runed translucent door.
 29591 | D:14     | Noticed zhov's ghost (journeyman SpHu)
 29604 | D:14     | Killed zhov's ghost
 29792 | D:15     | Entered Level 15 of the Dungeon
 29882 | D:15     | Found a broken altar of Ashenzari.
 30089 | D:15     | Noticed a stone giant
 30658 | D:10     | Killed Sonja
 30879 | Orc:1    | Entered Level 1 of the Orcish Mines
 30936 | Orc:1    | Reached skill level 5 in Poison Magic
 31319 | Orc:2    | Entered Level 2 of the Orcish Mines
 31540 | Orc:2    | Found a staircase to the Elven Halls.
 32164 | Orc:2    | Received a gift from Sif Muna
 32204 | Orc:2    | Reached skill level 5 in Evocations
 32971 | Orc:2    | Found Assolleo's Weapon Shop.
 33019 | Orc:2    | Reached skill level 5 in Translocations
 33046 | Orc:2    | Found Poirph's Distillery.
 33052 | Orc:2    | Found Peitetz's Assorted Antiques.
 33054 | Orc:2    | Found Ziurua's Distillery.
 33054 | Orc:2    | Found Muun's Jewellery Emporium.
 33186 | Orc:2    | Bought 2 potions of heal wounds for 160 gold pieces
 33186 | Orc:2    | Bought a potion of curing for 48 gold pieces
 33198 | Orc:2    | Bought a potion of heal wounds for 75 gold pieces
 33198 | Orc:2    | Bought a potion of heal wounds for 75 gold pieces
 33198 | Orc:2    | Bought a potion of heal wounds for 75 gold pieces
 33198 | Orc:2    | Bought a potion of curing for 45 gold pieces
 33200 | Orc:2    | Bought a potion of curing for 54 gold pieces
 33200 | Orc:2    | Bought 2 potions of curing for 108 gold pieces
 33506 | Orc:2    | Bought the amulet "Coskexiq" {RegenMP MP+9 Dex+2} for 901
                  | gold pieces
 33562 | Orc:2    | Bought the +10 quarterstaff of Soaqakem {drain, Int+8} for
                  | 810 gold pieces
 33834 | D:3      | Learned a level 4 spell: Anguish
 34104 | D:7      | Killed Maggie
 34440 | D:15     | Found a staircase to the Depths.
 34995 | Shoals:1 | Entered Level 1 of the Shoals
 35268 | Shoals:1 | Reached XP level 15. HP: 92/93 MP: 32/32
 35365 | Shoals:1 | Upgraded the game from 0.29-a0-700-g2f1814c7b2 to
                  | 0.29-a0-717-g6dac4ea423
 36269 | Orc:2    | Bought a gnarled jewelled staff for 216 gold pieces
 36442 | Shoals:2 | HP: 4/93 [snapping turtle (11)]
 37476 | Shoals:2 | Reached skill level 10 in Necromancy
 37919 | Spider:1 | Entered Level 1 of the Spider Nest
 38098 | Spider:1 | Noticed Azrael
 38102 | Spider:1 | Reached skill level 15 in Dodging
 38109 | Spider:1 | Killed Azrael
 38121 | Spider:1 | Noticed an emperor scorpion
 38138 | Spider:1 | Killed an emperor scorpion
 38493 | Spider:1 | Reached skill level 5 in Air Magic
 38624 | Spider:1 | Noticed Josephine
 38627 | Spider:1 | Noticed Louise
 38627 | Spider:1 | Received a gift from Sif Muna
 39573 | Spider:1 | Killed Louise
 39621 | Spider:1 | Got Sif Muna's Compendium of Weightlessness {god gift}
 39778 | Spider:1 | Killed Josephine
 41280 | Spider:1 | Upgraded the game from 0.29-a0-717-g6dac4ea423 to
                  | 0.29-a0-819-g94b489e0ae
 41282 | Spider:2 | Upgraded the game from 0.29-a0-819-g94b489e0ae to
                  | 0.29-a0-821-g66395355a5
 42008 | Spider:2 | Found a runed translucent door.
 42013 | Spider:1 | Upgraded the game from 0.29-a0-821-g66395355a5 to
                  | 0.29-a0-824-gd827844252
 42030 | Spider:2 | Noticed gdog's ghost (adept GnDe)
 42236 | Spider:2 | Reached skill level 1 in Ice Magic
 42691 | Spider:3 | Noticed an emperor scorpion
 42696 | Spider:3 | Noticed an emperor scorpion
 42698 | Spider:3 | Noticed an emperor scorpion
 42933 | Spider:2 | HP: 4/95 [wolf spider (4)]
 42945 | Spider:2 | Slain by a wolf spider

Illustrated notes

Levels and vault maps discovered:
D:1:      dpeg_arrival_arbitrary_b, layout_loops_corners,
          hellmonk_ecumenical_altar_lost_god
D:2:      layout_rooms, uniq_natasha
D:3:      layout_loops_ring, serial_shops, shop, kennysheep_nub
D:4:      layout_layer_cave, nicolae_ru_path_of_blood, serial_shops, shop,
          dreamdust_princess_bridge, minmay_lizard_king, uniq_edmund
D:5:      layout_basic, serial_rivers, chequers_serial_rivers_large_a,
          chequers_serial_rivers_small_3, chequers_serial_rivers_small_b,
          chequers_serial_rivers_room_b, portal_sewer_entry_d
D:6:      layout_basic
D:7:      layout_cave_pools, kennysheep_little_box, minmay_temple_entry_glass,
          serial_shops, shop, uniq_maggie
D:8:      layout_loops_ring, enter_bailey_2, serial_nicolae_subway,
          nicolae_sub_station_crystal, nicolae_sub_station_metal,
          nicolae_sub_station_stone
D:9:      layout_basic
D:10:     old_forge, layout_cave_pods, mainiacjoe_overflow_brackets,
          hiddenorc2_lemuel, nrook_mini_backslash, st_stairs_10, uniq_sonja
D:11:     layout_roguey, lair_entry_dummy, nrook_campfire, uniq_maurice
D:12:     layout_basic
D:13:     layout_rooms, lightli_vaults_fourway_checkpoint
D:14:     layout_cave_pools, ebering_ghost_disaster_area
D:15:     grunt_enter_depths_snipers, layout_long_grid,
          nicolae_ashenzari_panopticon
Temple:   compressed_dpeg_triangle_lava_temple
Lair:1:   layout_roguey, st_stairs_5
Lair:2:   layout_hall_layers, minmay_shoals_entry_beasts,
          spider_nest_entry_web_field, kennysheep_abandoned_house
Lair:3:   layout_regular_city, grunt_forest_large_clearings,
          serial_bayou_shore_a
Lair:4:   layout_cave_pods, basic_altar, uniq_nessos
Lair:5:   layout_concentric_octagons, slime_entry_1, serial_rivers,
          chequers_serial_rivers_small_a, chequers_serial_rivers_small_b,
          chequers_serial_rivers_micro_d, chequers_serial_rivers_room_b,
          chequers_serial_rivers_micro_a, basic_altar
Lair:6:   grunt_lair_end_beastmaster, layout_cave_shapes
Shoals:1: layout_shoals
Shoals:2: layout_shoals, serial_shops, nicolae_shop_crystal,
          portal_ice_cave_entry_frozen_things, nicolae_shoals_circle_sea_wall
Spider:1: layout_chambers, uniq_josephine, uniq_azrael, uniq_louise
Spider:2: layout_cave_pods, ebering_ghost_inner_flame, drop_trap
Spider:3: layout_spider_delve, uniq_aizul, uniq_jorgrun
Orc:1:    layout_caves
Orc:2:    st_orc_elflike, layout_caves, serial_shops,
          nicolae_shop_bloodbath_and_beyond, guppyfry_library_mini

Skill      XL: |  1  2  3  4  5  6  7  8  9 10 11 12 13 14 15 |
---------------+----------------------------------------------+-----
Dodging        | 3 4 5 6 7 8 10 11 13 14 15 | 15.4
Fighting       | 1 2 3 4 5 6 8 9 10 11 | 11.3
Stealth        | 3 4 5 |  5.0
Summonings     | 1 2 3 4 5 6 7 8 9 |  9.1
Spellcasting   | 4 5 6 8 9 10 11 12 | 12.6
Conjurations   | 5 6 7 8 9 10 | 10.0
Translocations | 1 2 3 4 5 |  5.0
Necromancy     | 2 4 5 7 8 9 10 | 10.7
Hexes          | 3 |  3.0
Invocations    | 2 4 5 6 7 8 |  8.4
Poison Magic   | 2 4 5 6 |  6.7
Evocations     | 2 4 5 |  5.0
Air Magic      | 2 4 5 |  5.2
Fire Magic     | 1 3 4 |  4.0
Earth Magic    | 2 4 |  4.7
Ice Magic      | 1 |  1.2
Armour         | |  0.9

Action                   |  1- 3 |  4- 6 |  7- 9 | 10-12 | 13-15 || total
-------------------------+-------+-------+-------+-------+-------++-------
Melee: Mace              |     4 |       |       |       |       ||     4
       Staff             |       |    12 |       |     7 |    25 ||    44
       Short sword       |       |       |       |     3 |       ||     3
       Quarterstaff      |       |       |       |       |    11 ||    11
       Punch             |       |       |       |       |     1 ||     1
 Cast: Magic Dart        |    66 |    85 |   176 |   192 |   154 ||   673
       Summon Small Mamm |     3 |     5 |     6 |       |       ||    14
       Searing Ray       |     1 |    13 |    47 |    57 |    42 ||   160
       Call Canine Famil |       |       |     9 |    23 |     8 ||    40
       Iskenderun's Myst |       |       |     5 |    91 |    95 ||   191
       Animate Dead      |       |       |     2 |    22 |    43 ||    67
       Sublimation of Bl |       |       |     1 |     1 |     6 ||     8
       Summon Guardian G |       |       |       |    19 |    39 ||    58
       Blink             |       |       |       |     3 |    22 ||    25
       Summon Lightning  |       |       |       |       |    87 ||    87
       Olgreb's Toxic Ra |       |       |       |       |   189 ||   189
       Borgnjor's Vile C |       |       |       |       |    27 ||    27
       Anguish           |       |       |       |       |    10 ||    10
       Ignition          |       |       |       |       |     1 ||     1
Invok: Forget Spell      |       |       |       |     1 |       ||     1
       Channel Magic     |       |       |       |       |    17 ||    17
       Divine Exegesis   |       |       |       |       |     1 ||     1
 Abil: Evoke Invisibilit |       |       |       |       |     2 ||     2
Evoke: Wand              |       |       |    14 |    15 |    20 ||    49
       Phial of floods   |       |       |       |     1 |     1 ||     2
  Use: Scroll            |     1 |     1 |    11 |    22 |    12 ||    47
       Potion            |       |     1 |     1 |     8 |    11 ||    21
Armor: Robe              |     5 |     2 |    10 |       |       ||    17
       Steam dragon scal |       |       |     4 |   107 |   184 ||   295
Dodge: Dodged            |     9 |    39 |    83 |   289 |   495 ||   915

Table legend: (Time is in decaauts)
 A = Elapsed time spent in this place.
 B = Non-inter-level travel time spent in this place.
 C = Inter-level travel time spent in this place.
 D = Time resting spent in this place.
 E = Time spent auto-exploring this place.
 F = Levels seen in this place.
 G = Mean time per level.
                   A        B        C        D        E       F      G
               +--------+--------+--------+--------+--------+-----+--------+
         Total |  43167 |  38531 |   4636 |  10464 |  19285 |  31 | 1392.5 |
       Dungeon |  23380 |  20456 |   2924 |   5732 |  10323 |  15 | 1558.7 |
        Temple |    583 |    569 |     14 |    185 |    337 |   1 |  583.0 |
          Lair |   7678 |   6726 |    952 |   1461 |   3664 |   6 | 1279.7 |
        Shoals |   2212 |   1956 |    256 |    972 |    553 |   2 | 1106.0 |
   Spider Nest |   4574 |   4358 |    216 |    878 |   2565 |   3 | 1524.7 |
  Orcish Mines |   2871 |   2598 |    273 |    383 |   1518 |   2 | 1435.5 |
         Sewer |    633 |    633 |      0 |    188 |    298 |   1 |  633.0 |
        Bailey |   1232 |   1232 |      0 |    665 |     26 |   1 | 1232.0 |
               +--------+--------+--------+--------+--------+-----+--------+

Top non-repeatable levels by time:
    D:12: 3149 daAuts
Spider:1: 2504 daAuts
    D:10: 2379 daAuts
     D:4: 2119 daAuts
  Lair:4: 2055 daAuts
Spider:2: 2049 daAuts
  Lair:2: 1989 daAuts
   Orc:2: 1738 daAuts
Shoals:1: 1736 daAuts
     D:9: 1651 daAuts
     D:6: 1570 daAuts
     D:7: 1525 daAuts
     D:8: 1468 daAuts
     D:1: 1438 daAuts
    D:11: 1403 daAuts
